 Dungeon Crawl Stone Soup version 0.17-a0-1479-g4041c36 (webtiles) character file.

177 mrath the Sneak (level 5, -7/32 HPs)
             Began as a Halfling Enchanter on July 3, 2015.
             Killed by divine providence
             ... invoked by an orc priest
              (11 damage)
             ... on level 3 of the Dungeon.
             The game lasted 01:05:47 (3406 turns).

mrath the Sneak (Halfling Enchanter)                Turns: 3406, Time: 01:05:47

Health: -7/32      AC:  4    Str:  8    XL:     5   Next: 87%
Magic:  8/8        EV: 16    Int: 14    God:
Gold:   173        SH:  0    Dex: 16    Spells: 3 memorised, 3 levels left

rFire  + . .     SeeInvis .     a - +2 dagger
rCold  + . .     Clarity  .     b - +2 robe
rNeg   . . .     SustAt   .     (shield restricted)
rPois  +         Gourm    .     (no helmet)
rElec  +         Spirit   .     (no cloak)
rCorr  +         Warding  .     (no gloves)
rMut   .         Stasis   .     (no boots)
MR     .....                    l - amulet of regeneration
Stlth  +++.......               (no ring)
                                (no ring)

@: resistant, very slightly contaminated, hasted, very quick, not resistant to
hostile enchantments, fairly stealthy
A: mutation resistance 1
a: no special abilities


You were on level 3 of the Dungeon.
You were not hungry.

You visited 1 branch of the dungeon, and saw 3 of its levels.

You collected 173 gold pieces.

Inventory:

Hand weapons
 a - a +2 dagger (weapon)
 g - a +0 whip
 i - a +0 hunting sling
 j - a +0 hand axe
 t - a +0 spear
 x - a cursed -1 spear
Missiles
 k - 24 stones (quivered)
 n - 71 arrows
 r - 23 bolts
 u - 8 sling bullets
 w - 11 arrows of flame
Armour
 b - a +2 robe (worn)
 h - a +0 shield
 m - a +1 robe
 v - a +0 robe of resistance
Jewellery
 l - an amulet of regeneration (around neck)
 p - an uncursed ring of stealth {unknown}
Potions
 q - a potion of magic {unknown}
 s - a potion of might {unknown}
Books
 c - a book of Maledictions

   Spells                             Type                      Level
   a - Corona                         Hexes                        1
   b - Ensorcelled Hibernation        Hexes/Ice                    2
   c - Confuse                        Hexes                        3
   d - Tukima's Dance                 Hexes                        3
   e - Dazzling Spray                 Conjuration/Hexes            3


   Skills:
 + Level 0.8 Fighting
 + Level 2.0 Short Blades
 + Level 1.1(1.2) Slings
 + Level 0.6(1.0) Throwing
 + Level 3.2 Dodging
 + Level 3.7 Stealth
 + Level 2.5 Spellcasting
 + Level 0.2 Conjurations
 + Level 3.6 Hexes


You had 3 spell levels left.
You knew the following spells:

 Your Spells              Type           Power        Failure   Level  Hunger
a - Corona                Hex            ##.....      6%          1    #......
b - Ensorcelled Hibernat  Hex/Ice        #.....       21%         2    ###....
c - Dazzling Spray        Conj/Hex       #.......     30%         3    ###....


Dungeon Overview and Level Annotations

Branches:
Dungeon (3/15)

Altars:
Ashenzari
Kikubaaqudgha
Okawaru
Ru


Innate Abilities, Weirdness & Mutations

You are small and have problems with some larger weapons.
You are somewhat resistant to further mutation.


Message History

An orc comes into view. It is wielding a hand axe.
The orc shouts!
You hit the orc priest.
The orc priest is lightly wounded.
The orc priest mumbles some strange prayers to Beogh against you.
Something smites you!
You hit the orc priest but do no damage.
The orc priest is lightly wounded.
The orc priest hits you with a hand axe of chopping.
You hit the orc priest but do no damage.
The orc priest is lightly wounded.
The orc priest hits you with a hand axe of distortion.
Space bends around you.
* * * LOW HITPOINT WARNING * * *
Drink which item? (? for menu, Esc to quit)
It was a potion of resistance.
You feel protected.
The orc priest mumbles some strange prayers to Beogh against you.
Something smites you!
You die...

#...# ##.#.. ... ...
#.### #.#####
##..#...#......
#....#..[.......
##.#.#....##.....
###..#⌠.##+##.⌠#...
#.@o...........#...
#o####........#####
##o#...#.......# #
#=o+...'..._...+ .
#.(#...#.......#
#.o##..#.........#
#.(...#.........#...
#.##..#⌠.##+##.⌠# ..
#. ##o#### ### .


You could see 2 orc priests and 3 orcs.

Vanquished Creatures
  An orc wizard (D:3)
  5 adders
  2 oozes
  4 worms
  3 giant geckos (D:1)
  2 orcs (D:3)
  10 bats
  6 giant cockroaches
  9 goblins
  6 hobgoblins
  2 jackals (D:1)
  2 quokkas
  3 ball pythons
  8 giant newts
  5 kobolds
  10 rats
78 creatures vanquished.

Notes
Turn   | Place    | Note
--------------------------------------------------------------
     0 | D:1      | mrath the Halfling Enchanter began the quest for the Orb.
     0 | D:1      | Reached XP level 1. HP: 11/11 MP: 3/3
   241 | D:1      | Reached XP level 2. HP: 12/17 MP: 1/4
   342 | D:1      | Learned a level 2 spell: Ensorcelled Hibernation
   781 | D:1      | Reached XP level 3. HP: 21/21 MP: 3/5
  1718 | D:2      | Reached XP level 4. HP: 22/27 MP: 5/7
  1792 | D:2      | Learned a level 3 spell: Dazzling Spray
  2286 | D:2      | Found an iron altar of Okawaru.
  2286 | D:2      | Found a sacrificial altar of Ru.
  2394 | D:3      | Reached XP level 5. HP: 32/32 MP: 3/8
  3063 | D:3      | Found an ancient bone altar of Kikubaaqudgha.
  3130 | D:3      | Reached skill level 1 in Slings
  3351 | D:3      | Found a shattered altar of Ashenzari.
  3406 | D:3      | Killed from afar by an orc priest

Vault maps used:
D:1:      eino_arrival_water_cross
D:2:      gammafunk_temple_overflow_elements, kennysheep_generic_room_2
D:3:      evilmike_ruin_ashenzari, lemuel_coloured_pillars_altar

Action                   |  1- 3 |  4- 6 || total
-------------------------+-------+-------++-------
Melee: Dagger            |   161 |    80 ||   241
 Fire: Hunting sling     |       |    40 ||    40
Throw: Stone             |    29 |     6 ||    35
 Cast: Corona            |    38 |    28 ||    66
       Ensorcelled Hiber |     2 |       ||     2
       Dazzling Spray    |       |    11 ||    11
  Use: Scroll            |     4 |     3 ||     7
       Potion            |       |     3 ||     3
 Stab: Invisible         |       |     1 ||     1
  Eat: Chunk             |     4 |     5 ||     9
       Bread ration      |       |     1 ||     1
